[Event "European Blitz-ch 2018"]
[Site "Skopje"]
[Date "2018.12.07"]
[Round "12"]
[White "Banikas, Hristos"]
[Black "Stojanovski, Dejan"]
[Result "1-0"]
[ECO "A57"]
[WhiteElo "2601"]
[BlackElo "2430"]
[PlyCount "66"]
[EventDate "2018.12.06"]
[EventType "swiss"]
[EventCountry "MKD"]
[TimeControl "180+2"]

1. d4 Nf6 2. c4 c5 3. d5 b5 4. Nf3 g6 5. cxb5 a6 6. e3 Bg7 7. Nc3 O-O 8. a4 e6 9. dxe6 fxe6 10. Be2 d5 11. O-O Bb7 12. Ra3 Nbd7 13. bxa6 Bxa6 14. Bxa6 Rxa6 15. e4 d4 16. Qe2 Qa8 17. Nb5 Qxe4 18. Qxe4 Nxe4 19. Re1 Ndf6 20. Ne5 Nxf2 21. Nc7 Rb6 22. Nc4 Rb4 23. Nxe6 Rf7 24. Nd6 Rd7 25. Bf4 g5 26. Nxg7 Kxg7 27. Be5 N2g4 28. Ne8+ Kf7 29. Nxf6 Nxf6 30. Rf3 Rb6 31. Ref1 d3 32. Rxf6+ Rxf6 33. Bxf6 Ke8 1-0

[Event "European Blitz-ch 2018"]
[Site "Skopje"]
[Date "2018.12.07"]
[Round "12"]
[White "Georgiev, Kiril"]
[Black "Ozen, Bahadir"]
[Result "1-0"]
[ECO "E06"]
[WhiteElo "2595"]
[BlackElo "2349"]
[PlyCount "107"]
[EventDate "2018.12.06"]
[EventType "swiss"]
[EventCountry "MKD"]
[TimeControl "180+2"]

1. d4 d5 2. Nf3 Nf6 3. c4 e6 4. Nc3 Be7 5. g3 O-O 6. Bg2 dxc4 7. Ne5 c5 8. dxc5 Qc7 9. Nxc4 Qxc5 10. Qb3 Nc6 11. Be3 Nd4 12. Bxd4 Qxd4 13. O-O Rb8 14. Rfd1 Qc5 15. Rac1 Bd7 16. Ne4 Nxe4 17. Bxe4 Bc6 18. Bxc6 bxc6 19. Qc2 Bf6 20. b3 Rfd8 21. Nd2 Qa5 22. Ne4 Be7 23. e3 h6 24. Nc3 c5 25. Na4 Rbc8 26. Rxd8+ Rxd8 27. Rd1 Rd5 28. Nc3 Rxd1+ 29. Nxd1 Qe1+ 30. Kg2 Bf6 31. Qd3 g6 32. h4 h5 33. Qc2 Kg7 34. Nb2 Qb4 35. Nc4 Qb7+ 36. Kg1 Qf3 37. Qd3 Qd5 38. Qc2 Qf3 39. Kf1 a6 40. Nd2 Qh1+ 41. Ke2 Qd5 42. Ne4 Be7 43. Qc3+ Kg8 44. Qd3 Qc6 45. Nd2 Bf6 46. Nc4 Kg7 47. Nd6 Qh1 48. Ne8+ Kf8 49. Nxf6 Qa1 50. Qd8+ Kg7 51. Ne8+ Kh6 52. Qg5+ Kh7 53. Qf6 Qxa2+ 54. Kf3 1-0

[Event "European Blitz-ch 2018"]
[Site "Skopje"]
[Date "2018.12.07"]
[Round "12"]
[White "Brkic, Ante"]
[Black "Van Foreest, Jorden"]
[Result "0-1"]
[ECO "B72"]
[WhiteElo "2563"]
[BlackElo "2614"]
[PlyCount "42"]
[EventDate "2018.12.06"]
[EventType "swiss"]
[EventCountry "MKD"]
[TimeControl "180+2"]

1. e4 c5 2. Nf3 d6 3. d4 cxd4 4. Nxd4 Nf6 5. Nc3 a6 6. a3 Nc6 7. Be2 g6 8. Be3 Bg7 9. Qd2 O-O 10. O-O-O Ng4 11. Bxg4 Bxg4 12. f3 Bd7 13. h4 Ne5 14. h5 Nc4 15. Qd3 Rc8 16. hxg6 hxg6 17. Bh6 Qb6 18. b3 Qa5 19. Nb1 Bxh6+ 20. Rxh6 Qg5+ 21. Nd2 Ne5 0-1

[Event "European Blitz-ch 2018"]
[Site "Skopje"]
[Date "2018.12.07"]
[Round "12"]
[White "Santos Ruiz, Miguel"]
[Black "Demidov, Mikhail"]
[Result "1-0"]
[ECO "D02"]
[WhiteElo "2523"]
[BlackElo "2520"]
[PlyCount "63"]
[EventDate "2018.12.06"]
[EventType "swiss"]
[EventCountry "MKD"]
[TimeControl "180+2"]

1. d4 Nf6 2. Nf3 d5 3. Bf4 c5 4. dxc5 e6 5. e3 Bxc5 6. Be2 O-O 7. O-O Nc6 8. c4 d4 9. exd4 Nxd4 10. Nc3 Nxe2+ 11. Qxe2 b6 12. Rad1 Qe7 13. a3 a5 14. Na4 Ba6 15. Nxc5 Qxc5 16. Ne5 Rfc8 17. Qe3 Bxc4 18. Nxc4 Qxc4 19. Rc1 Qb5 20. Qd2 Nd5 21. Be5 f6 22. Bg3 e5 23. Rfd1 Ne7 24. f3 Qb3 25. Bf2 b5 26. h3 a4 27. Qd7 Rxc1 28. Rxc1 Qf7 29. Rc7 Re8 30. Bc5 Kf8 31. Qxb5 Qd5 32. Bxe7+ 1-0

[Event "European Blitz-ch 2018"]
[Site "Skopje"]
[Date "2018.12.07"]
[Round "12"]
[White "Nenezic, Marko"]
[Black "Tejedor Fuente, Enrique"]
[Result "1-0"]
[ECO "E97"]
[WhiteElo "2515"]
[BlackElo "2428"]
[PlyCount "74"]
[EventDate "2018.12.06"]
[EventType "swiss"]
[EventCountry "MKD"]
[TimeControl "180+2"]

1. Nf3 Nc6 2. d4 d6 3. c4 g6 4. Nc3 Bg7 5. e3 e5 6. Be2 Nge7 7. O-O O-O 8. d5 Nb8 9. e4 Nd7 10. Rb1 h6 11. b4 a5 12. a3 f5 13. Nd2 Nf6 14. f3 f4 15. c5 Kh8 16. Nc4 axb4 17. axb4 g5 18. Ba3 Ne8 19. b5 Rxa3 20. Nxa3 dxc5 21. Nc4 b6 22. Ra1 h5 23. Ra8 Qd7 24. Ra7 Nd6 25. Nxb6 Qd8 26. Nba4 Bh6 27. Kh1 Rg8 28. Nxc5 g4 29. Ne6 Bxe6 30. dxe6 Ng6 31. b6 gxf3 32. Bxf3 Nh4 33. bxc7 Qg5 34. Qe2 Rc8 35. Nd5 Bf8 36. Bxh5 Qg7 37. e7 Bxe7 1-0

[Event "European Blitz-ch 2018"]
[Site "Skopje"]
[Date "2018.12.07"]
[Round "12"]
[White "Pancevski, Filip"]
[Black "Petkidis, Anthony"]
[Result "0-1"]
[ECO "A38"]
[WhiteElo "2495"]
[BlackElo "2375"]
[PlyCount "58"]
[EventDate "2018.12.06"]
[EventType "swiss"]
[EventCountry "MKD"]
[TimeControl "180+2"]

1. c4 c5 2. g3 Nf6 3. Bg2 Nc6 4. Nc3 g6 5. a3 Bg7 6. Rb1 a5 7. Nf3 d6 8. O-O O-O 9. Ne1 Rb8 10. Nc2 Nd4 11. b4 axb4 12. axb4 b6 13. Nxd4 cxd4 14. Nb5 e5 15. d3 d5 16. Bg5 dxc4 17. dxc4 h6 18. Bxf6 Qxf6 19. Bd5 Bd7 20. e4 dxe3 21. fxe3 Qe7 22. e4 Kh7 23. Nc3 f5 24. Qd3 f4 25. Ra1 Qxb4 26. Ra7 Bh3 27. Rfa1 Qc5+ 28. Kh1 Qf2 29. Rg1 f3 0-1

[Event "European Blitz-ch 2018"]
[Site "Skopje"]
[Date "2018.12.07"]
[Round "12"]
[White "Pezelj, Novak"]
[Black "Dvirnyy, Danyyil"]
[Result "0-1"]
[ECO "B50"]
[WhiteElo "2475"]
[BlackElo "2485"]
[PlyCount "96"]
[EventDate "2018.12.06"]
[EventType "swiss"]
[EventCountry "MKD"]
[TimeControl "180+2"]

1. e4 c5 2. Nf3 d6 3. c3 Nf6 4. Bd3 g6 5. Bc2 Bg7 6. d4 O-O 7. O-O Bg4 8. dxc5 dxc5 9. Qe2 Nc6 10. h3 Be6 11. Na3 Qc7 12. Bb3 Bxb3 13. axb3 Nd7 14. Bg5 a6 15. Nc4 b5 16. Ne3 e6 17. Bh4 Nce5 18. Rfd1 Nxf3+ 19. Qxf3 Ne5 20. Qe2 Nc6 21. Ng4 b4 22. Nf6+ Kh8 23. Nd7 Rfe8 24. Nxc5 bxc3 25. bxc3 Bxc3 26. Rac1 Bg7 27. Nxa6 Qb6 28. Nc5 Nd4 29. Qc4 e5 30. Qxf7 Ne2+ 31. Kh1 Nxc1 32. Rxc1 Rac8 33. b4 Qxb4 34. Bf6 Bxf6 35. Qxf6+ Kg8 36. Qd6 Qd4 37. Qb6 Re7 38. Qb3+ Kh8 39. Nd3 Rxc1+ 40. Nxc1 Qxf2 41. Qb8+ Kg7 42. Qc8 Qf1+ 43. Kh2 Qf4+ 44. Kh1 Rf7 45. Qc5 Qxe4 46. Qg1 Qc4 47. Qe3 Rf1+ 48. Kh2 Qf4+ 0-1

[Event "European Blitz-ch 2018"]
[Site "Skopje"]
[Date "2018.12.07"]
[Round "12"]
[White "Kalezic, Blazo"]
[Black "Jovic, Stanoje"]
[Result "0-1"]
[ECO "A07"]
[WhiteElo "2460"]
[BlackElo "2240"]
[PlyCount "115"]
[EventDate "2018.12.06"]
[EventType "swiss"]
[EventCountry "MKD"]
[TimeControl "180+2"]

1. e4 c6 2. d3 d5 3. Nd2 g6 4. g3 Bg7 5. Bg2 Nf6 6. Ngf3 Bg4 7. h3 Bxf3 8. Qxf3 O-O 9. O-O a5 10. Qe2 e5 11. exd5 Nxd5 12. a3 Nd7 13. a4 Nc5 14. Nc4 Nb4 15. Be3 Ne6 16. Rac1 Nd4 17. Qd1 Nd5 18. c3 Nxe3 19. Nxe3 Ne6 20. Qc2 Qc7 21. Rcd1 Rad8 22. Rd2 f5 23. Re1 f4 24. Qb3 Qf7 25. Ng4 f3 26. Bxf3 Qxf3 27. Qxe6+ Kh8 28. Nxe5 Bxe5 29. Qxe5+ Kg8 30. Re3 Qf7 31. Qe6 Qxe6 32. Rxe6 Kf7 33. Re3 Rfe8 34. Rde2 Rxe3 35. Rxe3 Kf6 36. Kf1 b5 37. axb5 cxb5 38. Ke2 Rb8 39. d4 b4 40. Re5 a4 41. c4 a3 42. Kd2 b3 43. Kc3 a2 44. Ra5 h5 45. f4 Ke6 46. Ra6+ Kd7 47. c5 Kc7 48. d5 Kb7 49. Ra3 Kc7 50. Kc4 h4 51. gxh4 Kd7 52. Ra7+ Ke8 53. c6 Rd8 54. Kxb3 Rxd5 55. Kxa2 Rc5 56. Ra6 Rc4 57. b3 Rxf4 58. Ra8+ 0-1

[Event "European Blitz-ch 2018"]
[Site "Skopje"]
[Date "2018.12.07"]
[Round "12"]
[White "Papakonstantinou, Dimitrios"]
[Black "Dragnev, Valentin"]
[Result "0-1"]
[ECO "C41"]
[WhiteElo "2308"]
[BlackElo "2483"]
[Annotator "RC"]
[PlyCount "36"]
[EventDate "2018.12.06"]
[EventType "swiss"]
[EventCountry "MKD"]
[TimeControl "180+2"]

1. e4 e5 2. Nf3 d6 3. d4 exd4 4. Nxd4 Nf6 5. Nc3 Be7 6. g3 O-O 7. Bg2 Bg4 8. f3 Bd7 9. Be3 Nc6 10. O-O Re8 11. Qd2 a6 12. Rae1 Ne5 13. b3 c5 14. Nde2 Bc6 15. Nf4 Bf8 16. Nfd5 Nxd5 17. Nxd5 b5 18. Rd1 Ra7 0-1